 Dungeon Crawl Stone Soup version 0.21.1-1-g345015f (webtiles) character file.

947 prawnwizard the Covert (level 7, 0/46 HPs)
             Began as a Vampire Enchanter on July 4, 2018.
             Was a Believer of Dithmenos.
             Slain by a gnoll (5 damage)
             ... on level 5 of the Dungeon.
             The game lasted 00:15:58 (5468 turns).

prawnwizard the Covert (Vampire Enchanter)          Turns: 5468, Time: 00:15:58

Health: 0/46       AC:  3    Str:  7    XL:     7   Next: 89%
Magic:  12/12      EV: 18    Int: 18    God:    Dithmenos [**....]
Gold:   92         SH:  0    Dex: 16    Spells: 9/12 levels left

rFire    . . .     SeeInvis +   B - +3 short sword (elec)
rCold    + . .     Gourm    .   (no shield)
rNeg     + + .     Faith    .   b - +0 robe
rPois    +         Spirit   .   g - +0 helmet
rElec    .         Reflect  .   (no cloak)
rCorr    .         Harm     .   (no gloves)
MR       +....                  (no boots)
Stlth    ++++++....             (no amulet)
HPRegen  0.07/turn              j - +3 ring of evasion
MPRegen  0.13/turn              D - ring of protection from magic

@: regenerating slowly, wreathed by umbra
A: fangs 3, see invisible, unbreathing
a: Bat Form, Shadow Step, Renounce Religion


You were on level 5 of the Dungeon.
You worshipped Dithmenos.
Dithmenos was pleased with you.
You were very thirsty.

You visited 1 branch of the dungeon, and saw 5 of its levels.
You also visited: Ossuary.

You collected 234 gold pieces.
You spent 142 gold pieces at shops.

Inventory:

Hand Weapons
 a - a +1 dagger
 u - a +0 blowgun
 B - a +3 short sword of electrocution (weapon)
Missiles
 v - 3 curare-tipped needles
 w - 51 poisoned needles
Armour
 b - a +0 robe (worn)
 g - a +0 helmet (worn)
Jewellery
 j - a +3 ring of evasion (left hand)
 q - an uncursed ring of poison resistance
 r - an uncursed ring of see invisible
 C - an uncursed ring of ice
 D - a ring of protection from magic (right hand)
Wands
 x - a wand of polymorph (17)
Scrolls
 e - a scroll of enchant weapon
 k - a scroll of immolation {unknown}
 l - 4 scrolls of remove curse {unknown}
 m - 6 scrolls of identify {unknown}
 n - 2 scrolls of blinking {unknown}
 y - a scroll of teleportation {unknown}
 z - a scroll of amnesia {unknown}
 E - 2 scrolls of holy word {unknown}
 I - a scroll of enchant armour {unknown}
Potions
 d - 17 potions of blood
 f - a potion of resistance {unknown}
 h - 2 potions of flight {unknown}
 i - a potion of brilliance {unknown}
 o - 2 potions of degeneration {unknown}
 p - 4 potions of curing {unknown}
 s - a potion of might {unknown}
 t - 2 potions of mutation {unknown}
 A - 2 potions of lignification {unknown}
 F - a potion of ambrosia {unknown}
 G - a potion of haste {unknown}
 H - a potion of heal wounds {unknown}
Books
 c - a book of Maledictions

   Spells                             Type                      Level
   a - Corona                         Hexes                        1
   b - Ensorcelled Hibernation        Hexes/Ice                    2
   c - Confuse                        Hexes                        3
   d - Tukima's Dance                 Hexes                        3
   e - Dazzling Spray                 Conjuration/Hexes            3


   Skills:
 * Level 5.4 Short Blades
 + Level 4.5 Dodging
 + Level 8.0 Stealth
 + Level 3.4 Spellcasting
 + Level 6.9 Hexes


You had 9 spell levels left.
You knew the following spells:

 Your Spells              Type           Power        Failure   Level  Hunger
a - Corona                Hex            ####...      1%          1    None
b - Ensorcelled Hibernat  Hex/Ice        ###...       5%          2    ##.....


Dungeon Overview and Level Annotations

Branches:
Dungeon (5/15)
 Temple: D:4-7

Altars:
Cheibriados
Dithmenos
Gozag
Hepliaklqana
Kikubaaqudgha
Okawaru
Trog
Wu Jian

Shops:
D:5 *%*

Annotations:
D:4 NewPlayer's ghost, amateur OgWn


Innate Abilities, Weirdness & Mutations

You heal slowly.
You have razor-sharp teeth.
You have supernaturally acute eyesight. (SInv)
You can survive without breathing.


Message History

The gnoll completely misses you.
You hit the gnoll but do no damage.
The gnoll is heavily wounded.
You hit the gnoll.
The gnoll is almost dead.
The gnoll hits you with a halberd!
* * * LOW HITPOINT WARNING * * *
You closely miss the gnoll.
The gnoll shouts!
You kill the gnoll!
Dithmenos accepts your kill.
You hear a shout! x5
You hit the gnoll. Lightning courses through the gnoll!
You kill the gnoll!
Dithmenos accepts your kill.
You hear a shout!
You hit the gnoll. You bite the gnoll, but do no damage.
The gnoll is moderately wounded.
The gnoll hits you.
You die...

++##### g...... ....... g.O....
...g. ##### ##''## ≈≈≈.
#..#..#######gg..# ≈≈≈
#.Y#..+..)@ggg...+
≈≈###'#..#..#######g...#
≈≈#.g.#############''''#########
≈≈#ggg#.........................
≈≈#####≈≈≈≈≈≈≈≈≈≈≈≈....≈≈≈≈≈≈≈≈≈
≈≈≈≈≈≈≈≈≈≈≈≈≈≈≈≈≈≈≈....≈≈≈≈≈≈≈≈≈
≈≈≈≈≈≈≈≈≈≈≈≈≈≈≈≈≈≈≈....≈≈≈≈≈≈≈≈≈
.P..............................
##.........##########...#######.


You could see 6 gnolls.

Vanquished Creatures
  4 ogres
  A scorpion (D:5)
  3 centaur zombies (Ossuary)
  An orc priest (D:4)
  A bullfrog skeleton (D:5)
  An iguana (D:4)
  2 big kobold zombies (Ossuary)
  4 mummies (Ossuary)
  12 gnolls (D:5)
  5 adders
  A shadow imp (D:5)
  An ooze (D:3)
  2 adder skeletons (D:4)
  A worm (D:5)
  3 dart slugs
  11 orcs
  6 giant cockroaches
  4 goblins
  8 hobgoblins
  20 jackals
  2 quokkas
  7 bats
  5 frilled lizards
  3 hobgoblin zombies (Ossuary)
  7 kobolds
  A quokka zombie (D:5)
  8 rats
124 creatures vanquished.

Notes
Turn   | Place    | Note
-------+----------+-------------------------------------------
     0 | D:1      | prawnwizard the Vampire Enchanter began the quest for the Orb.
     0 | D:1      | Reached XP level 1. HP: 13/13 MP: 3/3
   705 | D:1      | Reached XP level 2. HP: 19/19 MP: 5/5
   801 | D:1      | Reached skill level 5 in Stealth
  1299 | D:1      | Reached XP level 3. HP: 11/24 MP: 6/6
  1865 | D:2      | Found a snail-covered altar of Cheibriados.
  1984 | D:2      | Found a shadowy altar of Dithmenos.
  1993 | D:2      | Became a worshipper of Dithmenos the Shadowed
  1998 | D:2      | Found an ancient bone altar of Kikubaaqudgha.
  2002 | D:2      | Found a hazy altar of Hepliaklqana.
  2127 | D:2      | Reached skill level 5 in Hexes
  2179 | D:2      | Found a bloodstained altar of Trog.
  2330 | D:3      | Reached XP level 4. HP: 26/30 MP: 7/7
  2353 | D:3      | Found an opulent altar of Gozag.
  2393 | D:3      | Learned a level 2 spell: Ensorcelled Hibernation
  2444 | D:3      | Found an iron altar of Okawaru.
  2461 | D:3      | Found an ornate altar of the Wu Jian Council.
  2476 | D:3      | Reached skill level 6 in Stealth
  3188 | D:4      | Noticed an ogre
  3196 | D:4      | Killed an ogre
  3196 | D:4      | Reached XP level 5. HP: 35/35 MP: 8/8
  3543 | D:4      | Reached * piety under Dithmenos
  3622 | D:4      | Noticed an ogre
  3659 | D:4      | Killed an ogre
  3659 | D:4      | Reached skill level 7 in Stealth
  3659 | D:4      | Reached XP level 6. HP: 20/41 MP: 1/9
  4010 | D:4      | Noticed NewPlayer's ghost (amateur OgWn)
  4104 | D:5      | Entered Level 5 of the Dungeon
  4109 | D:5      | Found a sand-covered staircase.
  4114 | Ossuary  | Entered an ossuary
  4764 | Ossuary  | Reached XP level 7. HP: 41/46 MP: 11/11
  4870 | D:5      | Found Nuaruer's Assorted Antiques.
  4903 | D:5      | Found Riarysmont's Food Boutique.
  4927 | D:5      | Bought a colourful robe for 142 gold pieces
  4937 | D:5      | Identified the +1 robe "Daefru Momo" {rPois Regen+ Stlth-} (You bought it in a shop on level 5 of the Dungeon)
  5056 | D:5      | Found Roiteh's Assorted Antiques.
  5242 | D:5      | Reached skill level 5 in Short Blades
  5281 | D:5      | Reached ** piety under Dithmenos
  5446 | D:5      | Reached skill level 8 in Stealth
  5468 | D:5      | Slain by a gnoll

Skill      XL: |  1  2  3  4  5  6  7 |
---------------+----------------------+-----
Stealth        | 5 6 7 8 |  8.0
Hexes          | 5 6 |  6.9
Short Blades   | 2 3 4 5 |  5.4
Dodging        | 3 4 |  4.5
Spellcasting   | 3 |  3.4

Action                   |  1- 3 |  4- 6 |  7- 9 || total
-------------------------+-------+-------+-------++-------
Melee: Dagger            |   143 |    39 |       ||   182
       Bite              |     5 |     6 |    15 ||    26
       Short sword       |       |    83 |   124 ||   207
 Cast: Ensorcelled Hiber |       |    14 |       ||    14
  Use: Potion            |       |     5 |       ||     5
       Scroll            |       |       |     1 ||     1
 Stab: Sleeping          |    16 |    18 |     6 ||    40
       Distracted        |     1 |     2 |       ||     3
Armor: Robe              |    28 |     4 |     9 ||    41
Dodge: Dodged            |    83 |    66 |   109 ||   258
